 Dungeon Crawl Stone Soup version 0.30.0 (webtiles) character file.

Game seed: 18133186338494261798

82 Illumine the Ruffian (level 4, -1/38 HPs)
             Began as an Armataur Transmuter on May 15, 2023.
             Slain by a gnoll
             ... wielding a +0 halberd
              (14 damage)
             ... on level 2 of the Dungeon.
             The game lasted 00:02:07 (1155 turns).

Illumine the Ruffian (Armataur Transmuter)          Turns: 1155, Time: 00:02:07

Health: -1/38      AC:  4    Str: 16    XL:     4   Next: 21%
Magic:  6/7        EV:  9    Int: 21    God:
Gold:   52         SH:  0    Dex: 10    Spells: 1/7 levels left

rFire   . . .        i - +1 dagger (elec)
rCold   . . .        (no shield)
rNeg    . . .        a - +0 robe
rPois   .            (helmet currently unavailable)
rElec   .            (no cloak)
rCorr   .            (no gloves)
SInv    .            (no barding)
Will    .....        (no amulet)
Stlth   +            I - +6 ring of intelligence
HPRegen 0.26/turn    (no ring)
MPRegen 0.10/turn

%: roll
@: appendages (expiring)
A: horns 2, talons 2, large, rugged brown scales 3, deformed body, armoured
tail, roll, long tongue, awkward tongue
a: End Transformation


You were on level 2 of the Dungeon.
You had temporarily grown beastly horns and talons.
You visited 1 branch of the dungeon, and saw 2 of its levels.

You collected 52 gold pieces.


Innate Abilities, Weirdness & Mutations

You have temporarily grown beastly horns and talons.
You are completely covered in rugged brown scales. (AC +3, +7% HP)
Armour fits poorly on your strangely shaped body.
You have a long armoured tail.
You roll when moving toward enemies. (Rampage)
Your long tongue fully drains potion bottles. (2x potion effects)
Your tongue gives you trouble enunciating. (1.5x scroll delay)


   Skills:
 + Level 1.7 Fighting
 - Level 1.3 Dodging
 * Level 3.5 Unarmed Combat
 + Level 2.2 Spellcasting
 + Level 2.3 Transmutations
 + Level 0.6 Poison Magic


You had one spell level left.
You knew the following spells:

 Your Spells              Type           Power      Damage    Failure   Level
b - Beastly Appendage     Tmut           24%        N/A       5%          1
s - Spider Form           Tmut/Pois      8%         N/A       24%         3
w - Wereblood             Tmut           12%        N/A       9%          2

Your spell library contained the following spells:

 Spells                   Type           Power      Damage    Failure   Level
 Ice Form                 Ice/Tmut       7%         N/A       65%         4

Inventory:

Hand Weapons
 i - a +1 dagger of electrocution (weapon)
Armour
 a - a +0 robe (worn)
Jewellery
 I - a +6 ring of intelligence (left hand)
Scrolls
 c - 3 scrolls of identify {unknown}
 h - a scroll of teleportation {unknown}
 j - 2 scrolls of magic mapping {unknown}
 k - a scroll of immolation {unknown}
Potions
 b - a potion of lignification
 d - a potion of heal wounds {unknown}
 e - a potion of invisibility {unknown}
 f - a potion of cancellation {unknown}
 g - a potion of brilliance {unknown}
 l - a potion of ambrosia {unknown}
 m - a potion of might {unknown}

Dungeon Overview and Level Annotations

Branches:
Dungeon (2/15)

Altars:

Shops:
D:1

? #.##..#### #........#
#.....##.# #....###.# +#
#..### #.# ... ##
#..#####.# .... .#
#........# .....
.########.#...####......
)...............@g......
.########.#...####......
.# #.##.## ..... .#
#.#### .... ## ... ... #
..# +# # ..# # #..# #


You could see a gnoll.


Message History

The hobgoblin barely misses you.
You hit the hobgoblin but do no damage.
The hobgoblin is almost dead.
The hobgoblin hits you but does no damage.
You barely miss the hobgoblin.
The hobgoblin is almost dead.
The hobgoblin hits you but does no damage.
You hit the hobgoblin.
Lightning courses through the hobgoblin!!
You kill the hobgoblin!
You barely miss the gnoll. You headbutt the gnoll.
The gnoll is lightly wounded.
The gnoll hits you with a +0 club!
You hit the gnoll but do no damage. You headbutt the gnoll!
The gnoll is severely wounded.
The gnoll hits you from afar with a +0 halberd.
The gnoll hits you with a +0 club.
You hit the gnoll. Your headbutt misses the gnoll.
The gnoll is almost dead.
The gnoll hits you from afar with a +0 halberd.
The gnoll hits you with a +0 club.
You closely miss the gnoll. You claw the gnoll.
You kill the gnoll!
The gnoll hits you from afar with a +0 halberd!
* * * LOW HITPOINT WARNING * * *
You roll towards the gnoll!
You completely miss the gnoll. You claw the gnoll. You headbutt the gnoll.
The gnoll is heavily wounded.
The gnoll hits you with a +0 halberd!
You die...

Skill      XL: |  1  2 |
---------------+-------+-----
Fighting       | 1 |  1.7
Unarmed Combat | 3 |  3.5
Transmutations | 2 |  2.3
Spellcasting   | 2 |  2.2
Dodging        | |  1.3
Poison Magic   | |  0.6

Action                     |  1- 3 |  4- 6 || total
---------------------------+-------+-------++-------
  Melee: Unarmed           |    42 |       ||    42
         Headbutt          |     5 |     3 ||     8
         Tailslap          |     7 |       ||     7
         Dagger            |    53 |     9 ||    62
         Kick              |     8 |     2 ||    10
         Punch             |     3 |       ||     3
   Cast: Beastly Appendage |    10 |       ||    10
 Armour: Robe              |    31 |     2 ||    33
  Dodge: Dodged            |    35 |     1 ||    36

Levels and vault maps discovered:
D:1:      psy_arrival_dodecagon, layout_rooms, serial_shops,
          nicolae_shop_pleasant_corner_grove,
          shapermc_ecumenical_altar_starsandcircs, nicolae_wormholes
D:2:      layout_loops_corners, reono_crystal_passage

Notes
Turn   | Place    | Note
-------+----------+-------------------------------------------
     0 | D:1      | Illumine the Armataur Transmuter began the quest for the
                  | Orb.
     0 | D:1      | Reached XP level 1. HP: 16/16 MP: 3/3
    75 | D:1      | Reached skill level 1 in Fighting
    90 | D:1      | Found Raulal's Magic Scroll Boutique.
   159 | D:1      | Reached XP level 2. HP: 24/24 MP: 2/4
   167 | D:1      | Reached skill level 3 in Unarmed Combat
   167 | D:1      | Reached skill level 2 in Transmutations
   170 | D:1      | Learned a level 2 spell: Wereblood
   281 | D:1      | Reached skill level 2 in Spellcasting
   456 | D:1      | Found a faded altar of an unknown god.
   562 | D:1      | Reached XP level 3. HP: 29/29 MP: 6/6
   621 | D:1      | Learned a level 3 spell: Spider Form
  1147 | D:2      | Reached XP level 4. HP: 37/38 MP: 5/7
  1155 | D:2      | Slain by a gnoll

Vanquished Creatures
  2 gnolls (D:2)
  2 adders (D:2)
  A worm (D:1)
  2 dart slugs
  3 ball pythons
  4 endoplasms
  2 giant cockroaches
  2 hobgoblins
  2 jackals (D:1)
  5 kobolds
  2 quokkas (D:1)
  2 bats (D:1)
  2 frilled lizards (D:2)
  4 goblins
  2 rats (D:1)
37 creatures vanquished.

Table legend: (Time is in decaauts)
 A = Elapsed time spent in this place.
 B = Non-inter-level travel time spent in this place.
 C = Inter-level travel time spent in this place.
 D = Time resting spent in this place.
 E = Time spent auto-exploring this place.
 F = Levels seen in this place.
 G = Mean time per level.
                   A        B        C        D        E       F      G
               +--------+--------+--------+--------+--------+-----+--------+
         Total |   1151 |   1135 |     16 |    180 |    680 |   2 |  575.5 |
       Dungeon |   1151 |   1135 |     16 |    180 |    680 |   2 |  575.5 |
               +--------+--------+--------+--------+--------+-----+--------+

Top non-repeatable levels by time:
     D:1: 641 daAuts
     D:2: 509 daAuts

Table legend:
 A = Non-vault XP
 B = Vault XP
 C = Vault XP percentage of total XP
 D = Non-vault monster count
 E = Vault monster count
 F = Vault count percentage of total count
                 A         B        C        D         E       F
            +---------+---------+-------+---------+---------+-------
      Total |     113 |       5 |   4.2 |      36 |       1 |   2.7
            +---------+---------+-------+---------+---------+-------
        D:1 |      39 |       5 |  11.4 |      22 |       1 |   4.3
        D:2 |      74 |       0 |   0.0 |      14 |       0 |   0.0
            +---------+---------+-------+---------+---------+-------
